 Dungeon Crawl Stone Soup version 0.25.1-2-g60ff931df9 (webtiles) character file.

Game seed: 13444728798587933948

2334 Johnny the Geomancer (level 9, 0/62 HPs)
             Began as a Demigod Earth Elementalist on Oct 28, 2020.
             Slain by Harold the salamander
             ... wielding a +0 hand axe
              (11 damage)
             ... on level 7 of the Dungeon.
             The game lasted 00:06:18 (6836 turns).

Johnny the Geomancer (Demigod Earth Elementalist)   Turns: 6836, Time: 00:06:18

Health: 0/62       AC:  9    Str:  8 (11) XL:     9   Next: 0%
Magic:  21/21      EV:  5    Int: 22 (25) God:
Gold:   240        SH:  0    Dex: 13 (16) Spells: 6/19 levels left

rFire    . . .     SeeInvis .   I - +1 spear (flame)
rCold    . . .     Gourm    .   o - +0 kite shield
rNeg     . . .     Faith    .   c - +0 robe
rPois    .         Spirit   .   C - +2 hat
rElec    .         Reflect  .   (no cloak)
rCorr    .         Harm     .   (no gloves)
MR       .....                  f - +0 pair of boots
Stlth    ++........             i - amulet of the acrobat
HPRegen  0.20/turn              s - +4 ring of protection
MPRegen  0.17/turn              (no ring)

@: held, studying Shields
A: high mp 1
a: no special abilities


You were on level 7 of the Dungeon.
You were hungry.

You visited 2 branches of the dungeon, and saw 8 of its levels.

You collected 240 gold pieces.

Inventory:

Hand Weapons
 I - a +1 spear of flaming (weapon)
Missiles
 b - 116 stones (quivered)
Armour
 c - a +0 robe (worn)
 f - a +0 pair of boots (worn)
 o - a +0 kite shield (worn)
 C - a +2 hat (worn)
Jewellery
 i - an amulet of the acrobat (around neck)
 s - a +4 ring of protection (left hand)
Wands
 t - a wand of flame (16)
 G - a wand of polymorph (2)
 H - a wand of random effects (9)
Scrolls
 e - 3 scrolls of remove curse {unknown}
 g - 12 scrolls of identify {unknown}
 k - 2 scrolls of enchant weapon {unknown}
 m - 4 scrolls of teleportation {unknown}
 p - 2 scrolls of noise {unknown}
 q - 2 scrolls of fog {unknown}
 z - a scroll of magic mapping {unknown}
 A - a scroll of blinking {unknown}
 F - a scroll of amnesia {unknown}
Potions
 a - 3 potions of curing
 h - a potion of resistance {unknown}
 j - 2 potions of might {unknown}
 l - 2 potions of brilliance {unknown}
 n - 3 potions of haste
 r - a potion of ambrosia {unknown}
 u - 2 potions of heal wounds {unknown}
 v - 2 potions of berserk rage {unknown}
 w - 2 potions of degeneration
 x - a potion of flight {unknown}
 E - a potion of lignification {unknown}
Books
 D - a manual of Shields
Comestibles
 d - 11 rations


   Skills:
 - Level 1.7 Dodging
 - Level 1.7 Stealth
 + Level 4.6 Shields
 + Level 5.9 Spellcasting
 - Level 0.8 Transmutations
 * Level 9.3 Earth Magic


You had 6 spell levels left.
You knew the following spells:

 Your Spells              Type           Power        Failure   Level  Hunger
a - Sandblast             Erth           #####.       1%          1    None
b - Stone Arrow           Conj/Erth      ####..       16%         3    ##.....
c - Lee's Rapid Deconstr  Erth           #####.....   22%         5    #####..
d - Petrify               Tmut/Erth      ####....     41%         4    ####...

Your spell library contained the following spells:

 Spells                   Type           Power        Failure   Level  Hunger
 Passwall                 Tmut/Erth      ####....     7%          2    None
 Confusing Touch          Hex            #.......     71%         3    ##.....
 Gell's Gravitas          Tloc           #.........   71%         3    ##.....
 Metabolic Englaciation   Hex/Ice        #.........   100%        5    #####..
 Yara's Violent Unravell  Hex/Tmut       #.........   100%        5    #####..


Dungeon Overview and Level Annotations

Branches:
Dungeon (7/15)             Temple (1/1) D:6

Shops:
D:6 (

Annotations:
D:7 Harold


Innate Abilities, Weirdness & Mutations

You have an increased reservoir of magic. (+10% MP)


Message History

Harold evaporates and reforms as a salamander!
Harold picks up a +0 hand axe.
Harold wields a +0 hand axe.
Okay, then.
Okay, then.
Evoke which item? (* to show all) (? for menu, Esc to quit)
Okay, then.
Okay, then.
It was a potion of degeneration.
There was something very wrong with that liquid.
You feel weakened.
You feel dopey.
You feel clumsy. Harold hits you with a +0 hand axe!
You are engulfed in flames!
* * * LOW HITPOINT WARNING * * *
Unknown command.
Okay, then.
Evoke which item? (* to show all) (? for menu, Esc to quit)
Aiming: Polymorph
Press: ? - help, Shift-Dir - straight line, f/p - Harold
Aim: Harold the salamander, wielding a +0 hand axe (chance to defeat MR: 28%) Harold easily resists.
Harold hits you with a +0 hand axe!
You die...

............#
########..#.#
#..#.# ##..#.#
...#.#
#.#.#.########.#
#.#............#
#.#######(########
#.@N......
##########


You could see Harold the salamander.

Vanquished Creatures
  Pikel (D:5)
  Prince Ribbit (D:6)
  Sigmund (D:2)
  A sky beast (D:5)
  2 ice beasts (D:5)
  A slave (D:4)
  A phantom (D:6)
  An ogre (D:6)
  A centaur (D:6)
  5 bullfrogs (D:6)
  Blork the orc (D:6)
  A gnoll sergeant (D:6)
  2 scorpions
  A centaur zombie (D:3)
  A centaur skeleton (D:5)
  A hound (D:6)
  An orc priest (D:6)
  A bullfrog skeleton (D:4)
  An iguana (D:4)
  A worker ant (D:5)
  A hound zombie (D:5)
  2 worker ant zombies (D:5)
  8 adders
  4 gnolls (D:6)
  An ooze (D:4)
  An adder skeleton (D:5)
  An adder zombie (D:5)
  3 worms
  5 dart slugs
  8 leopard geckos
  15 orcs
  4 giant cockroaches
  8 goblins
  6 hobgoblins
  9 jackals
  3 quokkas
  3 ball pythons
  11 bats
  7 frilled lizards
  A jackal skeleton (D:4)
  A jackal zombie (D:5)
  3 kobolds
  A leopard gecko skeleton (D:4)
  15 rats
147 creatures vanquished.

Vanquished Creatures (others)
  A slave (D:5)
  A centaur (D:5)
2 creatures vanquished.

Grand Total: 149 creatures vanquished

Notes
Turn   | Place    | Note
-------+----------+-------------------------------------------
     0 | D:1      | Johnny the Demigod Earth Elementalist began the quest for
                  | the Orb.
     0 | D:1      | Reached XP level 1. HP: 14/14 MP: 5/5
   222 | D:1      | Reached skill level 3 in Earth Magic
   246 | D:1      | Reached XP level 2. HP: 14/20 MP: 4/7
  1481 | D:2      | Reached XP level 3. HP: 26/26 MP: 5/9
  1779 | D:2      | Noticed Sigmund
  1787 | D:2      | Killed Sigmund
  1787 | D:2      | Reached skill level 5 in Earth Magic
  1787 | D:2      | Reached XP level 4. HP: 24/33 MP: 2/11
  1787 | D:2      | Reached XP level 5. HP: 28/38 MP: 2/12
  3507 | D:4      | Reached XP level 6. HP: 44/45 MP: 7/14
  4340 | D:4      | Found an opulent altar of Gozag.
  4340 | D:4      | Found a shattered altar of Ashenzari.
  4391 | D:5      | Entered Level 5 of the Dungeon
  4391 | D:5      | Noticed Pikel
  4509 | D:5      | Reached skill level 6 in Earth Magic
  4593 | D:5      | Learned a level 3 spell: Stone Arrow
  4599 | D:5      | Learned a level 5 spell: Lee's Rapid Deconstruction
  4696 | D:5      | Killed Pikel
  4696 | D:5      | Reached skill level 7 in Earth Magic
  4696 | D:5      | Reached XP level 7. HP: 47/50 MP: 10/17
  5364 | D:5      | Reached skill level 5 in Spellcasting
  5364 | D:5      | Reached XP level 8. HP: 32/57 MP: 15/19
  5469 | D:5      | Reached skill level 1 in Shields
  5469 | D:5      | Reached skill level 8 in Earth Magic
  5531 | D:5      | Learned a level 4 spell: Petrify
  5658 | D:5      | Found an iron altar of Okawaru.
  5834 | D:6      | Noticed Blork the orc
  5842 | D:6      | Killed Blork the orc
  6039 | D:6      | Found Favvejaa's Antique Weapon Emporium.
  6221 | D:6      | Reached skill level 9 in Earth Magic
  6227 | D:6      | Found a shadowy altar of Dithmenos.
  6288 | D:6      | Found a snail-covered altar of Cheibriados.
  6433 | D:6      | Found a staircase to the Ecumenical Temple.
  6470 | D:6      | Noticed Prince Ribbit
  6475 | D:6      | Killed Prince Ribbit
  6594 | D:6      | Reached XP level 9. HP: 60/62 MP: 21/21
  6767 | Temple   | Entered the Ecumenical Temple
  6826 | D:7      | Noticed Harold
  6834 | D:7      | Noticed Harold
  6834 | D:7      | Harold changed into Harold the salamander
  6836 | D:7      | Slain by Harold the salamander

Illustrated notes

Levels and vault maps discovered:
D:1:      minmay_arrival_semitransparent, layout_basic, minmay_tromino_i4
D:2:      layout_loops_ring, uniq_sigmund
D:3:      minmay_bubble_buster, layout_basic, minmay_misc_feat_four_crosses,
          chequers_serial_rivers_small_3
D:4:      layout_cave_pools, gammafunk_temple_overflow_pools,
          chequers_hall_statues_corner_a, nrook_uturn
D:5:      layout_loops_cross, lemuel_round_altar, first_ration,
          minmay_manual_moon, uniq_pikel
D:6:      layout_loops_ring, grunt_temple_overflow_open,
          minmay_temple_entry_proselytizer, serial_shops, shop, hex_tiny,
          uniq_blork_the_orc, uniq_prince_ribbit1
D:7:      layout_loops_ring, kennysheep_little_box, amethyst_killhole,
          the_bakery, uniq_harold
Temple:   compressed_dpeg_circular_temple

Skill      XL: |  1  2  3  4  5  6  7  8 |
---------------+-------------------------+-----
Earth Magic    | 3 5 7 9 |  9.3
Spellcasting   | 2 3 4 5 |  5.9
Shields        | 4 |  4.6
Dodging        | |  1.7
Stealth        | |  1.7
Transmutations | |  0.8

Action                   |  1- 3 |  4- 6 |  7- 9 || total
-------------------------+-------+-------+-------++-------
Melee: Dagger            |    82 |   110 |       ||   192
       Unarmed           |     3 |       |       ||     3
       Whip              |       |       |    51 ||    51
       Spear             |       |       |    50 ||    50
 Cast: Sandblast         |    40 |    79 |    62 ||   181
Evoke: Wand              |       |     4 |    12 ||    16
  Use: Potion            |       |       |     1 ||     1
 Stab: Sleeping          |     7 |     4 |     4 ||    15
  Eat: Chunk             |     3 |     9 |     6 ||    18
Armor: Robe              |    29 |    32 |    42 ||   103
Dodge: Dodged            |    94 |   110 |    89 ||   293
